| TOP OF THE 1ST |
|
Greeneville Astros batting - Pitching for Seattle (APP) Mariners : RHP John Olson
|
|
Pitching: RHP John Olson
|
|
|
Batting: RHB John Moore
|
0-0: Called Strike 0-1: Foul Ball, location: 2F 0-2: Ball 1-2: Foul Ball, location: 2F 1-2: Ball 2-2: SINGLE (Groundball, 56D, EV 109.4 MPH)
|
|
Batting: RHB Roger Pelley
|
0-0: Ball John Moore is caught stealing 2nd base 2-4 1-0: Foul Ball, location: 2F 1-1: Ball 2-1: Called Strike 2-2: Foul Ball, location: 2F 2-2: Foul Ball, location: 2F 2-2: Ground out 5-3 (Groundball, 56, EV 104.4 MPH)
|
|
Batting: RHB Hugo Priego
|
0-0: Ball 1-0: Foul Ball, location: 2F 1-1: Ground out 5-3 (Groundball, 56S, EV 88.8 MPH)
|
| Top of the 1st over - 0 runs, 1 hit, 0 errors, 0 left on base; Greeneville 0 - Seattle (APP) 0 |
| BOTTOM OF THE 1ST |
|
Seattle (APP) Mariners batting - Pitching for Greeneville Astros : LHP Jeremy Mellott
|
|
Pitching: LHP Jeremy Mellott
|
|
|
Batting: RHB Nick Edmunds
|
0-0: Ball 1-0: Foul Ball, location: 2F 1-1: Fly out, F7 (Flyball, 7LMF, EV 107.5 MPH)
|
|
Batting: RHB John Vasquez
|
0-0: Ball 1-0: Foul Ball, location: 2F 1-1: Ground out 5-3 (Groundball, 5S, EV 93.8 MPH)
|
|
Batting: SHB Carlos Luna
|
0-0: Reached via error on a dropped throw from SS, E3 (Groundball, 6S, EV 84.4 MPH)
|
|
Batting: RHB Carlton McDonald
|
0-0: Foul Ball, location: 2F 0-1: Ball 1-1: Fly out, F7 (Flyball, 7D, EV 90.0 MPH)
|
| Bottom of the 1st over - 0 runs, 0 hits, 1 error, 1 left on base; Greeneville 0 - Seattle (APP) 0 |
| TOP OF THE 2ND |
|
Greeneville Astros batting - Pitching for Seattle (APP) Mariners : RHP John Olson
|
|
Batting: RHB Areda Obote
|
0-0: Ball 1-0: Ball 2-0: Called Strike 2-1: Swinging Strike 2-2: Strikes out swinging
|
|
Batting: RHB Keith Goodwin
|
0-0: Foul Ball, location: 2F 0-1: Hit by Pitch
|
|
Batting: LHB Guadalupe Gonzalez
|
0-0: Called Strike 0-1: Ball 1-1: SINGLE (Groundball, 3, EV 101.9 MPH) (infield hit) Keith Goodwin to second
|
|
Batting: RHB Domingas Saragoa
|
0-0: Called Strike 0-1: Ball Wild Pitch! Keith Goodwin to third Guadalupe Gonzalez to second 1-1: Ground out 6-3 (Groundball, 6, EV 88.1 MPH) Keith Goodwin scores Guadalupe Gonzalez to third
|
|
Batting: LHB Gong Tow
|
0-0: Called Strike 0-1: Foul Ball, location: 2F 0-2: Strikes out swinging
|
| Top of the 2nd over - 1 run, 1 hit, 0 errors, 1 left on base; Greeneville 1 - Seattle (APP) 0 |
| BOTTOM OF THE 2ND |
|
Seattle (APP) Mariners batting - Pitching for Greeneville Astros : LHP Jeremy Mellott
|
|
Batting: RHB Joaquin Salazar
|
0-0: Called Strike 0-1: Foul Ball, location: 2F 0-2: Foul Ball, location: 2F 0-2: Foul Ball, location: 2F 0-2: Strikes out swinging
|
|
Batting: LHB Chang Huie
|
0-0: Foul Ball, location: 2F 0-1: Ball 1-1: Foul Ball, location: 2F 1-2: Ball 2-2: DOUBLE (Groundball, 5L, EV 96.9 MPH)
|
|
Batting: LHB Yoshihisa Kobayashi
|
0-0: Called Strike 0-1: Ground out 4-3 (Groundball, 4, EV 83.8 MPH) Chang Huie to third
|
|
Batting: RHB Ziven Badersky
|
0-0: Called Strike 0-1: Ball 1-1: Ball 2-1: 2-RUN HOME RUN (Line Drive, 78XD, EV 105.6 MPH), Distance : 415 ft
|
|
Batting: RHB Josh Carpenter
|
0-0: Called Strike 0-1: Foul Ball, location: 2F 0-2: Ball 1-2: Ball 2-2: Ball 3-2: Ground out 6-3 (Groundball, 56, EV 111.2 MPH)
|
| Bottom of the 2nd over - 2 runs, 2 hits, 0 errors, 0 left on base; Greeneville 1 - Seattle (APP) 2 |
| TOP OF THE 3RD |
|
Greeneville Astros batting - Pitching for Seattle (APP) Mariners : RHP John Olson
|
|
Batting: RHB Devon Healy
|
0-0: Ball 1-0: SOLO HOME RUN (Flyball, 78XD, EV 98.8 MPH), Distance : 405 ft
|
|
Batting: RHB John Moore
|
0-0: SOLO HOME RUN (Flyball, 9D, EV 95.0 MPH), Distance : 359 ft
|
|
Batting: RHB Roger Pelley
|
0-0: Ball 1-0: SINGLE (Groundball, 34D, EV 108.8 MPH)
|
|
Batting: RHB Hugo Priego
|
0-0: Called Strike 0-1: Ball 1-1: Fly out, F7 (Flyball, 78M, EV 95.0 MPH)
|
|
Batting: RHB Areda Obote
|
0-0: Ball 1-0: Called Strike 1-1: 2-RUN HOME RUN (Flyball, 7LD, EV 90.6 MPH), Distance : 343 ft
|
|
Batting: RHB Keith Goodwin
|
0-0: Ball 1-0: Ball 2-0: Called Strike 2-1: Ball 3-1: DOUBLE (Line Drive, 9LD, EV 105.0 MPH)
|
|
Batting: LHB Guadalupe Gonzalez
|
0-0: Fly out, F9 (Flyball, 89S, EV 86.9 MPH)
|
|
Batting: RHB Domingas Saragoa
|
0-0: Ball 1-0: Called Strike 1-1: Called Strike 1-2: Strikes out swinging
|
| Top of the 3rd over - 4 runs, 5 hits, 0 errors, 1 left on base; Greeneville 5 - Seattle (APP) 2 |
| BOTTOM OF THE 3RD |
|
Seattle (APP) Mariners batting - Pitching for Greeneville Astros : LHP Jeremy Mellott
|
|
Batting: RHB Nick Edmunds
|
0-0: Ball 1-0: Swinging Strike 1-1: Ball 2-1: Called Strike 2-2: Foul Ball, location: 2F 2-2: Foul Ball, location: 2F 2-2: Strikes out swinging
|
|
Batting: RHB John Vasquez
|
0-0: Ball 1-0: Ball 2-0: Called Strike 2-1: Fly out, F6 (Line Drive, 6, EV 68.8 MPH)
|
|
Batting: SHB Carlos Luna
|
0-0: Called Strike 0-1: Swinging Strike 0-2: Foul Ball, location: 2F 0-2: Strikes out looking
|
| Bottom of the 3rd over - 0 runs, 0 hits, 0 errors, 0 left on base; Greeneville 5 - Seattle (APP) 2 |
| TOP OF THE 4TH |
|
Greeneville Astros batting - Pitching for Seattle (APP) Mariners : RHP John Olson
|
|
Batting: LHB Gong Tow
|
0-0: Ball 1-0: Called Strike 1-1: Called Strike 1-2: Strikes out looking
|
|
Batting: RHB Devon Healy
|
0-0: Foul Ball, location: 2F 0-1: Ball 1-1: Ball 2-1: Foul Ball, location: 2F 2-2: Strikes out swinging
|
|
Batting: RHB John Moore
|
0-0: Ball 1-0: Foul Ball, location: 2F 1-1: Swinging Strike 1-2: Strikes out looking
|
| Top of the 4th over - 0 runs, 0 hits, 0 errors, 0 left on base; Greeneville 5 - Seattle (APP) 2 |
| BOTTOM OF THE 4TH |
|
Seattle (APP) Mariners batting - Pitching for Greeneville Astros : LHP Jeremy Mellott
|
|
Batting: RHB Carlton McDonald
|
0-0: Ground out 6-3 (Groundball, 6, EV 82.5 MPH)
|
|
Batting: RHB Joaquin Salazar
|
0-0: Reached on error, E4 (Groundball, 34, EV 81.2 MPH)
|
|
Batting: LHB Chang Huie
|
0-0: Ball Joaquin Salazar steals 2nd, throwing error, E2 Joaquin Salazar to third 1-0: Ball 2-0: Ball 3-0: Base on Balls
|
|
Batting: LHB Yoshihisa Kobayashi
|
0-0: Foul Ball, location: 2F 0-1: Ball Chang Huie steals 2nd base 1-1: SINGLE (Line Drive, 4MD, EV 95.6 MPH) Joaquin Salazar scores Chang Huie to third
|
|
Batting: RHB Ziven Badersky
|
0-0: SINGLE (Groundball, 34D, EV 100.6 MPH) Chang Huie scores Yoshihisa Kobayashi to second Runner from 2nd tries for 3rd, SAFE, throw by RF made to third
|
|
Batting: RHB Josh Carpenter
|
0-0: Ball 1-0: Called Strike 1-1: Called Strike 1-2: Ball 2-2: Foul Ball, location: 2F 2-2: Ball 3-2: Foul Ball, location: 2F 3-2: Foul Ball, location: 2F 3-2: Foul Ball, location: 2F 3-2: DOUBLE (Flyball, 89D, EV 111.9 MPH) Yoshihisa Kobayashi scores Ziven Badersky to third
|
|
Pitching: RHP Vinny Salazar
|
|
|
Batting: RHB Nick Edmunds
|
0-0: Called Strike 0-1: Ball 1-1: Ground out 6-3 (Groundball, 6, EV 86.2 MPH) Ziven Badersky scores
|
|
Batting: RHB John Vasquez
|
0-0: Called Strike 0-1: Ball 1-1: Swinging Strike 1-2: Ball 2-2: Ball 3-2: Base on Balls
|
|
Batting: SHB Carlos Luna
|
0-0: Called Strike 0-1: Ball 1-1: Fly out, F9 (Flyball, 9, EV 98.8 MPH)
|
| Bottom of the 4th over - 4 runs, 3 hits, 2 errors, 2 left on base; Greeneville 5 - Seattle (APP) 6 |
| TOP OF THE 5TH |
|
Greeneville Astros batting - Pitching for Seattle (APP) Mariners : RHP John Olson
|
|
Pitching: RHP Frank Cabrera
|
|
|
Batting: RHB Roger Pelley
|
0-0: Swinging Strike 0-1: Ball 1-1: Called Strike 1-2: Ball 2-2: Strikes out swinging
|
|
Batting: RHB Hugo Priego
|
0-0: Ball 1-0: Called Strike 1-1: Called Strike 1-2: SINGLE (Line Drive, 9S, EV 106.9 MPH)
|
|
Batting: RHB Areda Obote
|
0-0: Ball 1-0: Swinging Strike 1-1: Ball 2-1: Foul Ball, location: 2F 2-2: Ball 3-2: Strikes out looking
|
|
Batting: RHB Keith Goodwin
|
0-0: Called Strike 0-1: Ball 1-1: Ball 2-1: SINGLE (Groundball, 6MD, EV 100.6 MPH) Hugo Priego to second
|
|
Batting: LHB Guadalupe Gonzalez
|
0-0: Called Strike 0-1: Ball Wild Pitch! Hugo Priego to third Keith Goodwin to second 1-1: Foul Ball, location: 2F 1-2: Ground out 6-3 (Groundball, 6, EV 87.5 MPH)
|
| Top of the 5th over - 0 runs, 2 hits, 0 errors, 2 left on base; Greeneville 5 - Seattle (APP) 6 |
| BOTTOM OF THE 5TH |
|
Seattle (APP) Mariners batting - Pitching for Greeneville Astros : RHP Vinny Salazar
|
|
Batting: RHB Carlton McDonald
|
0-0: Called Strike 0-1: Ball 1-1: Ball 2-1: Ball 3-1: Foul Ball, location: 2F 3-2: Base on Balls
|
|
Batting: RHB Joaquin Salazar
|
0-0: Ball Wild Pitch! Carlton McDonald to second 1-0: Foul Ball, location: 2F 1-1: Called Strike 1-2: Ball 2-2: Foul Ball, location: 2F 2-2: Strikes out looking
|
|
Batting: LHB Chang Huie
|
0-0: Foul Ball, location: 2F 0-1: Fly out, F8 (Flyball, 8LM, EV 81.2 MPH)
|
|
Batting: LHB Yoshihisa Kobayashi
|
0-0: Called Strike 0-1: Foul Ball, location: 2F 0-2: Foul Ball, location: 2F 0-2: Ball 1-2: Strikes out looking
|
| Bottom of the 5th over - 0 runs, 0 hits, 0 errors, 1 left on base; Greeneville 5 - Seattle (APP) 6 |
| TOP OF THE 6TH |
|
Greeneville Astros batting - Pitching for Seattle (APP) Mariners : RHP Frank Cabrera
|
|
Batting: RHB Domingas Saragoa
|
0-0: Ball 1-0: Ground out U3 (Groundball, 3S, EV 76.2 MPH)
|
|
Batting: LHB Gong Tow
|
0-0: Called Strike 0-1: Foul Ball, location: 2F 0-2: DOUBLE (Flyball, 89D, EV 88.8 MPH)
|
|
Batting: RHB Jarno van Lente
|
0-0: Ball 1-0: Swinging Strike 1-1: Ball 2-1: Ball 3-1: Foul Ball, location: 2F 3-2: Strikes out swinging
|
|
Batting: RHB John Moore
|
0-0: Foul Ball, location: 2F 0-1: Foul Ball, location: 2F 0-2: Fly out, F9 (Flyball, 89S, EV 91.2 MPH)
|
| Top of the 6th over - 0 runs, 1 hit, 0 errors, 1 left on base; Greeneville 5 - Seattle (APP) 6 |
| BOTTOM OF THE 6TH |
|
Seattle (APP) Mariners batting - Pitching for Greeneville Astros : RHP Vinny Salazar
|
|
Pitching: RHP Kuaika Anakala
|
|
|
Batting: RHB Ziven Badersky
|
0-0: Ground out U3 (Groundball, 3L, EV 88.8 MPH)
|
|
Batting: RHB Josh Carpenter
|
0-0: Foul Ball, location: 2F 0-1: Ball 1-1: Ball 2-1: Swinging Strike 2-2: Ball 3-2: Strikes out swinging
|
|
Batting: RHB Nick Edmunds
|
0-0: Ground out 4-3 (Groundball, 4, EV 85.6 MPH)
|
| Bottom of the 6th over - 0 runs, 0 hits, 0 errors, 0 left on base; Greeneville 5 - Seattle (APP) 6 |
| TOP OF THE 7TH |
|
Greeneville Astros batting - Pitching for Seattle (APP) Mariners : RHP Frank Cabrera
|
|
Batting: RHB Roger Pelley
|
0-0: Called Strike 0-1: Called Strike 0-2: Ball 1-2: Foul Ball, location: 2F 1-2: Strikes out swinging
|
|
Batting: RHB Hugo Priego
|
0-0: Foul Ball, location: 2F 0-1: Ball 1-1: Fly out, F2 (Popup, 23F, EV 80.6 MPH)
|
|
Batting: RHB Areda Obote
|
0-0: Called Strike 0-1: Ball 1-1: Swinging Strike 1-2: DOUBLE (Line Drive, 78D, EV 111.9 MPH)
|
|
Batting: RHB Keith Goodwin
|
0-0: Called Strike 0-1: Ball 1-1: Ball 2-1: Called Strike 2-2: Ball 3-2: Base on Balls
|
|
Batting: LHB Guadalupe Gonzalez
|
0-0: Foul Ball, location: 2F 0-1: Fly out, F5 (Popup, 56S, EV 73.1 MPH)
|
| Top of the 7th over - 0 runs, 1 hit, 0 errors, 2 left on base; Greeneville 5 - Seattle (APP) 6 |
| BOTTOM OF THE 7TH |
|
Seattle (APP) Mariners batting - Pitching for Greeneville Astros : RHP Kuaika Anakala
|
|
Batting: RHB John Vasquez
|
0-0: Called Strike 0-1: Ground out 6-3 (Groundball, 6S, EV 88.8 MPH)
|
|
Batting: SHB Carlos Luna
|
0-0: Ball 1-0: Ball 2-0: Ball 3-0: Base on Balls
|
|
Batting: RHB Carlton McDonald
|
0-0: Called Strike 0-1: Foul Ball, location: 2F 0-2: Fielders Choice at 2nd, 4-6 (Groundball, 4, EV 86.9 MPH)
|
|
Batting: RHB Joaquin Salazar
|
0-0: Called Strike 0-1: Ball Carlton McDonald steals 2nd base 1-1: Foul Ball, location: 2F 1-2: Ball 2-2: Foul Ball, location: 2F 2-2: Foul Ball, location: 2F 2-2: Ball Wild Pitch! Carlton McDonald to third 3-2: Strikes out looking
|
| Bottom of the 7th over - 0 runs, 0 hits, 0 errors, 1 left on base; Greeneville 5 - Seattle (APP) 6 |
| TOP OF THE 8TH |
|
Greeneville Astros batting - Pitching for Seattle (APP) Mariners : RHP Frank Cabrera
|
|
Batting: RHB Domingas Saragoa
|
0-0: Ball 1-0: Foul Ball, location: 2F 1-1: Foul Ball, location: 2F 1-2: Strikes out swinging
|
|
Pitching: LHP Will Creelman
|
|
|
Pinch Hitting: RHB Jason Monico
|
0-0: Ball 1-0: Ball 2-0: Fly out, F7 (Line Drive, 7D, EV 85.0 MPH)
|
|
Batting: RHB Jarno van Lente
|
0-0: SINGLE (Groundball, 6S, EV 71.9 MPH) (infield hit)
|
|
Batting: RHB John Moore
|
0-0: Called Strike 0-1: Fly out, F8 (Flyball, 8RD, EV 106.2 MPH)
|
| Top of the 8th over - 0 runs, 1 hit, 0 errors, 1 left on base; Greeneville 5 - Seattle (APP) 6 |
| BOTTOM OF THE 8TH |
|
Seattle (APP) Mariners batting - Pitching for Greeneville Astros : RHP Kuaika Anakala
|
|
Pitching: RHP Marty Jackson
|
|
|
Now in LF: Jason Monico
|
|
|
Batting: LHB Chang Huie
|
0-0: Called Strike 0-1: Ball 1-1: Called Strike 1-2: Ball 2-2: Ground out 5-3 (Groundball, 56S, EV 76.9 MPH)
|
|
Batting: LHB Yoshihisa Kobayashi
|
0-0: Foul Ball, location: 2F 0-1: Ball 1-1: Called Strike 1-2: Ball 2-2: Ball 3-2: Ground out 5-3 (Groundball, 56, EV 84.4 MPH)
|
|
Batting: RHB Ziven Badersky
|
0-0: Swinging Strike 0-1: Ball 1-1: Ground out 4-3 (Groundball, 4, EV 86.9 MPH)
|
| Bottom of the 8th over - 0 runs, 0 hits, 0 errors, 0 left on base; Greeneville 5 - Seattle (APP) 6 |
| TOP OF THE 9TH |
|
Greeneville Astros batting - Pitching for Seattle (APP) Mariners : LHP Will Creelman
|
|
Pitching: RHP Ruben Mendoza
|
|
|
Batting: RHB Roger Pelley
|
0-0: Foul Ball, location: 2F 0-1: Foul Ball, location: 2F 0-2: Fly out, F8 (Flyball, 78M, EV 83.8 MPH)
|
|
Batting: RHB Hugo Priego
|
0-0: Ball 1-0: Ground out 6-3 (Groundball, 6, EV 101.9 MPH)
|
|
Batting: RHB Areda Obote
|
0-0: Ball 1-0: Called Strike 1-1: Swinging Strike 1-2: Ball 2-2: Strikes out swinging
|
| Top of the 9th over - 0 runs, 0 hits, 0 errors, 0 left on base; Greeneville 5 - Seattle (APP) 6 |
|